 Dungeon Crawl Stone Soup version 0.31-a0-986-g5e6e4ef867 (webtiles) character file.

Game seed: 4635607898783443957

526 sammy202020 the Ruffian (level 7, -19/53 HPs)
             Began as a Demonspawn Shapeshifter on Nov 18, 2023.
             Demolished by an ogre
             ... wielding a +0 giant spiked club
              (22 damage)
             ... on level 5 of the Dungeon.
             The game lasted 00:07:29 (4059 turns).

sammy202020 the Ruffian (Demonspawn Shapeshifter)   Turns: 4059, Time: 00:07:29

Health: -19/53     AC: 13    Str: 17    XL:     7   Next: 2%
Magic:  7/7        EV:  5    Int: 11    God:
Gold:   168        SH:  5    Dex: 10    Spells: 6/6 levels left

rFire   . .          .
                       - Unarmed
rCold   . . .        (no shield)
rNeg    . . .        g - +0 plate armour
rPois   .            (helmet currently unavailable)
rElec   .            (cloak currently unavailable)
rCorr   .            (gloves currently unavailable)
SInv    .            (boots currently unavailable)
Will    .....        i - amulet of reflection Stlth
                     (no ring)
HPRegen 0.28/turn    (no ring)
MPRegen 0.10/turn

%: reflection
@: beast-form
A: beast (slay +2), icy blue scales 2, powered by pain 1, demonic touch 2,
clumsy 1, MP-powered wands
a: Begin Untransformation


You were on level 5 of the Dungeon.
You were a hulking beast.
You visited 1 branch of the dungeon, and saw 5 of its levels.
You also visited: Sewer.

You collected 168 gold pieces.

Inventory:

Armour
 a - a +0 animal skin
 e - a +0 chain mail
 g - a +0 plate armour (worn)
 r - a +1 pair of boots
Jewellery
 i - an amulet of reflection (around neck)
Talismans
 c - a beast talisman (active)
 d - a flux talisman
Scrolls
 j - 2 scrolls of vulnerability
 k - a scroll of noise {unknown}
Potions
 b - a potion of lignification
 f - a potion of enlightenment
 m - a potion of invisibility
 p - a potion of attraction


   Skills:
 * Level 3.6 Fighting
 + Level 2.0 Armour
 + Level 3.0 Dodging
 * Level 4.2 Unarmed Combat
 * Level 4.1 Shapeshifting


You had 6 spell levels left.
You didn't know any spells.
Your spell library contained the following spells:

 Spells                   Type           Power      Damage    Failure   Level
 Foxfire                  Conj/Fire      0%         2x1d4     100%        1
 Wereblood                Tmut           0%         N/A       100%        2
 Irradiate                Conj/Tmut      0%         3d11      100%        5
 Plasma Beam              Fire/Air       0%         2x1d10    100%        6
 Starburst                Conj/Fire      0%         6d3       100%        6


Dungeon Overview and Level Annotations

Branches:
Dungeon (5/15)              Sewer (visited)
 Temple: D:4-7

Altars:
Cheibriados
Hepliaklqana
Ru
Wu Jian


Innate Abilities, Weirdness & Mutations

You are a hulking beast.
Your limbs bulge with bestial killing power. (Slay +2)
You are mostly covered in icy blue scales. (AC +3)
You sometimes gain a little power by taking damage.
Your touch may inflict irresistible damage on your foes.
You are clumsy. (Dex -2)
You expend magic power (3 MP) to strengthen your wands.


Message History

You punch the orc priest!
The orc priest is severely wounded.
The orc hits you but does no damage.
The orc priest hits you but does no damage.
The phantom barely misses you. The orc barely misses you.
You closely miss the orc priest.
You touch the orc priest.
You kill the orc priest!
The orc hits you with a +0 hand axe. The orc hits you but does no damage.
The phantom barely misses you.
Your Armour skill increases to level 2!
Unknown command.
The phantom barely misses you.
A dart slug comes into view.
You see here a scroll of identify.
An orc priest and an orc come into view.
The orc priest shouts!
The orc shouts!
The orc priest invokes the aid of Beogh against you.
Beogh smites you!
* * * LOW HITPOINT WARNING * * *
The phantom attacks as it pursues you! The phantom hits you.
* * * LOW HITPOINT WARNING * * *
You punch the orc priest!
You touch the orc priest.
You kill the orc priest!
The phantom barely misses you.
Your Dodging skill increases to level 3!
You have reached level 7!
Your demonic ancestry asserts itself...
You feel energised by your suffering.
The dart slug bites you but does no damage.
The phantom attacks as it pursues you! You block the phantom's attack.
The orc attacks as it pursues you! The orc hits you with a +0 whip.
* * * LOW HITPOINT WARNING * * *
The phantom closely misses you.
Okay, then.
Blink to where?
Press: ? - help, Dir - move target
As you read the scroll of blinking, it crumbles to dust.
The orc barely misses you.
The ogre hits you with a +0 giant spiked club!!
You die...

..# ..#. # #.# ..^.
######.####.#.......# #
#.....#...#.# ......#..#
#ยง##h#.# .... #..#
.#.####o##oO.####.####..#
......wW...#............#
..........?.............#
..######)#......)...###.#
#.########$#.###.# #.#
............# #.#
.#####.####.# .#. #.#
#.###


You could see an ogre and an orc.

Vanquished Creatures
  2 bullfrogs (Sewer)
  A hound (D:4)
  2 orc priests (D:5)
  An iguana (D:5)
  An orc wizard (D:4)
  A gnoll (D:1)
  11 adders
  3 river rats (D:4)
  A shadow imp (D:5)
  9 worms
  A dart slug (D:1)
  4 orcs (D:4)
  10 ball pythons
  5 bats
  5 endoplasms
  10 giant cockroaches
  3 goblins
  6 hobgoblins
  7 kobolds
  5 quokkas
  9 frilled lizards
  7 rats
104 creatures vanquished.

Notes
Turn   | Place    | Note
-------+----------+-------------------------------------------
     0 | D:1      | sammy202020 the Demonspawn Shapeshifter began the quest for
                  | the Orb.
     0 | D:1      | Reached XP level 1. HP: 15/15 MP: 1/1
   143 | D:1      | Gained mutation: Your touch may inflict minor irresistible
                  | damage on your foes. [demonic ancestry]
   143 | D:1      | Reached XP level 2. HP: 21/21 MP: 2/2
   639 | D:1      | Gained mutation: You are partially covered in icy blue
                  | scales. (AC +2) [demonic ancestry]
   639 | D:1      | Reached XP level 3. HP: 27/27 MP: 3/3
  1151 | D:2      | You fall into a shaft and drop 1 floor!
  1154 | D:2      | Found a faded altar of an unknown god.
  1708 | D:2      | Gained mutation: You expend magic power (3 MP) to
                  | strengthen your wands. [potion of mutation]
  1708 | D:2      | Gained mutation: You are clumsy. (Dex -2) [potion of
                  | mutation]
  1822 | D:3      | Gained mutation: You are mostly covered in icy blue scales.
                  | (AC +3) [demonic ancestry]
  1822 | D:3      | Reached XP level 4. HP: 30/33 MP: 4/4
  1916 | D:3      | Reached skill level 1 in Armour
  2011 | D:3      | Found a sacrificial altar of Ru.
  2422 | D:3      | Found a snail-covered altar of Cheibriados.
  2625 | D:4      | Found a hazy altar of Hepliaklqana.
  2662 | D:4      | Reached XP level 5. HP: 39/39 MP: 5/5
  2765 | D:4      | Found a glowing drain.
  2770 | Sewer    | Entered a sewer
  3172 | Sewer    | Gained mutation: Your touch may inflict irresistible damage
                  | on your foes. [demonic ancestry]
  3172 | Sewer    | Reached XP level 6. HP: 39/47 MP: 6/6
  3231 | Sewer    | Identified the +2 rapier "Uhul" {protect, +Blink Stlth+}
  3412 | D:4      | Found an ornate altar of the Wu Jian Council.
  3902 | D:5      | Entered Level 5 of the Dungeon
  4055 | D:5      | Gained mutation: You sometimes gain a little power by
                  | taking damage. [demonic ancestry]
  4055 | D:5      | Reached XP level 7. HP: 4/53 MP: 7/7
  4055 | D:5      | HP: 2/53 [orc/+0 whip (2)]
  4059 | D:5      | Demolished by an ogre

Illustrated notes

Levels and vault maps discovered:
D:1:      shiori_arrival_maze, layout_loops_corners, minivault_19,
          minmay_misc_feat_enclosed
D:2:      layout_loops_ring, chequers_ecumenical_altar_simple,
          amcnicky_mini_pool_small, minmay_small_reverse_x
D:3:      layout_loops_ring, hangedman_ru_absence,
          mainiacjoe_overflow_small_starburst
D:4:      layout_cave_pods, overflow_temple_1_default,
          nicolae_overflow_crystal_walls, lightli_sewer_entry_pipes,
          nicolae_titane
D:5:      layout_loops_ring, lemuel_tele_altar, uniq_pikel, uniq_edmund

Skill      XL: |  1  2  3  4  5  6 |
---------------+-------------------+-----
Unarmed Combat | 3 4 |  4.2
Dodging        | 2 3 |  3.0
Shapeshifting  | 3 4 |  4.1
Fighting       | 2 3 |  3.6
Armour         | 1 2 |  2.0

Action                     |  1- 3 |  4- 6 |  7- 9 || total
---------------------------+-------+-------+-------++-------
  Melee: Unarmed           |   105 |   208 |       ||   313
         Touch             |    14 |    33 |       ||    47
         Punch             |     3 |     2 |       ||     5
    Use: Scroll            |     9 |     5 |     1 ||    15
         Potion            |     1 |     1 |       ||     2
 Armour: Chain mail        |    59 |     1 |       ||    60
         Plate armour      |       |   133 |     3 ||   136
  Dodge: Dodged            |    34 |    40 |     2 ||    76
  Block: Other             |     5 |    42 |     1 ||    48
   Form: Beast             |     1 |       |       ||     1

Table legend: (Time is in decaauts)
 A = Elapsed time spent in this place.
 B = Non-inter-level travel time spent in this place.
 C = Inter-level travel time spent in this place.
 D = Time resting spent in this place.
 E = Time spent auto-exploring this place.
 F = Levels seen in this place.
 G = Mean time per level.
                   A        B        C        D        E       F      G
               +--------+--------+--------+--------+--------+-----+--------+
         Total |   4097 |   3972 |    125 |    220 |   2902 |   6 |  682.8 |
       Dungeon |   3584 |   3459 |    125 |     17 |   2763 |   5 |  716.8 |
         Sewer |    513 |    513 |      0 |    203 |    138 |   1 |  513.0 |
               +--------+--------+--------+--------+--------+-----+--------+

Top non-repeatable levels by time:
     D:1: 1055 daAuts
     D:4: 932 daAuts
     D:2: 740 daAuts
     D:3: 699 daAuts
   Sewer: 513 daAuts
     D:5: 155 daAuts
